 Dungeon Crawl Stone Soup version 0.17.0-28-g6e173f8 (webtiles) character file.

114 dohliylev the Sneak (level 4, 0/23 HPs)
             Began as a Vine Stalker Assassin on Dec 1, 2015.
             Succumbed to an adder's poison
             ... on level 2 of the Dungeon.
             The game lasted 00:13:58 (1942 turns).

dohliylev the Sneak (Vine Stalker Assassin)         Turns: 1942, Time: 00:13:58

Health: 0/23       AC:  3    Str: 14    XL:     4   Next: 97%
Magic:  4/5        EV: 12    Int: 16    God:
Gold:   101        SH:  0    Dex: 16    Spells: 0 memorised, 3 levels left

rFire  . . .     SeeInvis .     a - +2 dagger
rCold  . . .     Clarity  .     c - +0 robe
rNeg   . . .     SustAt   .     (no shield)
rPois  .         Gourm    .     (no helmet)
rElec  .         Spirit   +     d - +0 cloak
rCorr  .         Warding  .     (no gloves)
rMut   .         Stasis   .     (no boots)
MR     .....                    (no amulet)
Stlth  ++++......               (no ring)
                                (no ring)

@: brilliant, lethally poisoned (0 -> -1), not resistant to hostile
enchantments, stealthy
A: fangs 2, regeneration 1, magic shield, antimagic bite, no device heal 3, rot
immunity
a: no special abilities


You were on level 2 of the Dungeon.
You were not hungry.

You visited 1 branch of the dungeon, and saw 3 of its levels.

You collected 101 gold pieces.

Inventory:

Hand Weapons
 a - a +2 dagger (weapon)
 b - a +0 blowgun
 j - a +0 dagger of holy wrath
Missiles
 e - 32 poisoned needles
 f - 2 curare-tipped needles
Armour
 c - a +0 robe (worn)
 d - a +0 cloak (worn)
Wands
 h - a wand of polymorph (9)
Scrolls
 i - 2 scrolls of identify {unknown}
 k - 2 scrolls of remove curse {unknown}
 r - a scroll of recharging {unknown}
Potions
 q - a potion of lignification {unknown}
Comestibles
 g - a bread ration
 l - 2 meat rations
 n - a beef jerky
 p - 2 chunks of flesh


   Skills:
 + Level 2.2 Fighting
 + Level 1.8 Short Blades
 + Level 2.2 Throwing
 + Level 1.2 Dodging
 * Level 6.9 Stealth


You had 3 spell levels left.
You didn't know any spells.

Dungeon Overview and Level Annotations

Branches:
Dungeon (3/15)

Altars:
Elyvilon
Yredelemnul
Zin

Annotations:
D:3 lucasterio's ghost, amateur DrTm


Innate Abilities, Weirdness & Mutations

You have extremely sharp teeth.
Your natural rate of healing is unusually fast.
When hurt, damage is shared between your health and your magic reserves.
Your bite disrupts and absorbs the magic of your enemies.
Potions and wands cannot restore your health.
You are immune to rotting.


Message History

The adder is severely wounded.
* * * LOW HITPOINT WARNING * * *
You feel sick. The adder bites you.
* * * LOW HITPOINT WARNING * * *
Unknown command.
It was a potion of curing.
You feel better. The adder barely misses you. The adder bites you.
You are lethally poisoned!
The adder poisons you!
Unknown command.
It was a potion of brilliance.
You feel clever all of a sudden.
* * * LOW HITPOINT WARNING * * *
You feel sick. The adder barely misses you.
You barely miss the adder. You bite the adder. You drain its power.
You feel invigorated.
You kill the adder!
You see here an adder corpse.
You butcher the adder corpse.
You die...

#............#...................
.............#..##############.##
..#..♣._.♣♣.##..# #.#
..###♣♣♣♣.###...# #.# ....###
######..# #.# ......# ##....# #.#
#...### ##.....## #.## ##.##
##.......## #...
#.######......>@.####### ####
##.................[....# #
..................#####.# #
###...###........## #.# #
##.....###......## #.# #
........###....## #.# #
.........##.#### #.# #
.........##.# #.# # .........##.#
#.#########


There were no monsters in sight!

Vanquished Creatures
  6 adders
  An ooze (D:2)
  2 worms (D:2)
  A ball python (D:2)
  3 bats
  A giant cockroach (D:1)
  10 goblins (D:1)
  6 hobgoblins
  3 jackals (D:3)
  10 kobolds
  A giant gecko (D:1)
  8 rats
  A spectral orc (D:2)
53 creatures vanquished.

Notes
Turn   | Place    | Note
--------------------------------------------------------------
     0 | D:1      | dohliylev the Vine Stalker Assassin began the quest for the Orb.
     0 | D:1      | Reached XP level 1. HP: 11/11 MP: 2/2
    52 | D:1      | Reached skill level 5 in Stealth
   109 | D:1      | Reached XP level 2. HP: 15/15 MP: 3/3
   460 | D:1      | Reached XP level 3. HP: 18/18 MP: 4/4
   558 | D:1      | You fall through a shaft!
   590 | D:2      | Reached skill level 6 in Stealth
   618 | D:2      | Found a white marble altar of Elyvilon.
   620 | D:2      | Reached skill level 1 in Dodging
   737 | D:2      | Found a glowing silver altar of Zin.
   842 | D:2      | Found a basalt altar of Yredelemnul.
   919 | D:2      | Reached XP level 4. HP: 23/23 MP: 5/5
  1790 | D:3      | Noticed lucasterio's ghost (amateur DrTm)
  1937 | D:2      | HP: 1/23 [adder (1)]
  1942 | D:2      | Succumbed to an adder's poison

Action                   |  1- 3 |  4- 6 || total
-------------------------+-------+-------++-------
Melee: Dagger            |    54 |    85 ||   139
 Fire: Blowgun           |    26 |     5 ||    31
  Use: Potion            |       |     2 ||     2
 Stab: Sleeping          |     8 |     5 ||    13
  Eat: Chunk             |       |     3 ||     3
